 Dungeon Crawl Stone Soup version 0.24-a0-521-g122614bf49 (webtiles) character file.

Game seed: 15482757640258142614

205 Peloso the Covered (level 5, -3/46 HPs)
             Began as a Minotaur Fighter on July 28, 2019.
             Slain by an ogre
             ... wielding a +0 giant club
              (5 damage)
             ... on level 4 of the Dungeon.
             The game lasted 00:04:38 (3086 turns).

Peloso the Covered (Minotaur Fighter)               Turns: 3086, Time: 00:04:40

Health: -3/46      AC:  9    Str: 20    XL:     5   Next: 53%
Magic:  0/4        EV:  5    Int:  5    God:
Gold:   137        SH: 10    Dex: 11    Spells: 4/4 levels left

rFire    . . .     SeeInvis .   a - +0 long sword
rCold    . . .     Gourm    .   c - +0 shield
rNeg     . . .     Faith    .   p - +0 chain mail
rPois    .         Spirit   +   (helmet restricted)
rElec    .         Reflect  .   (no cloak)
rCorr    .         Harm     .   (no gloves)
MR       .....                  (no boots)
Stlth    ..........             j - amulet of guardian spirit
HPRegen  0.15/turn              (no ring)
MPRegen  0.09/turn              (no ring)

@: no status effects
A: retaliatory headbutt, horns 2
a: no special abilities


You were on level 4 of the Dungeon.
You were not hungry.

You visited 1 branch of the dungeon, and saw 4 of its levels.

You collected 137 gold pieces.

Inventory:

Hand Weapons
 a - a +0 long sword (weapon)
 w - a +1 trident of flaming
Armour
 b - a +0 scale mail
 c - a +0 shield (worn)
 p - a +0 chain mail (worn)
Jewellery
 j - an amulet of guardian spirit (around neck)
Scrolls
 e - a scroll of blinking {unknown}
 m - a scroll of amnesia
 n - a scroll of magic mapping {unknown}
 o - 2 scrolls of identify
 q - a scroll of fog {unknown}
 r - a scroll of teleportation {unknown}
Potions
 d - a potion of might
 h - a potion of lignification {unknown}
 l - a potion of curing {unknown}
 s - a potion of flight {unknown}
 t - a potion of heal wounds {unknown}
 u - 2 potions of brilliance {unknown}
Comestibles
 f - 3 rations


   Skills:
 + Level 4.1 Fighting
 + Level 4.0 Long Blades
 + Level 5.2 Armour
 + Level 0.4 Dodging
 + Level 0.2 Stealth
 + Level 5.1 Shields


You had 4 spell levels left.
You didn't know any spells.
Your spell library was empty.

Dungeon Overview and Level Annotations

Branches:
Dungeon (4/15)
 Temple: D:4-7

Altars:
Uskayaw


Innate Abilities, Weirdness & Mutations

You reflexively headbutt those who attack you in melee.
You have a pair of horns on your head.


Message History

Your Long Blades skill increases to level 4!
The ogre barely misses you.
You see here a dart slug corpse.
You closely miss the ogre.
You headbutt the ogre, but do no damage.
The ogre hits you with a +0 giant club!!
You hit the ogre.
The ogre is lightly wounded.
You block the ogre's attack.
You closely miss the ogre.
The ogre is lightly wounded.
The ogre hits you with a +0 giant club!
You hit the ogre but do no damage.
The ogre is lightly wounded.
The ogre hits you with a +0 giant club!
* * * LOW HITPOINT WARNING * * *
You hit the ogre.
The ogre is lightly wounded.
The ogre hits you with a +0 giant club.
You die...

...............
.....$.........
................
..........$......
.................
#...............
##.......O.......
#........@......#
#..............#
#.............#
#...##<.....(..#
#..%............
#...###.........
#.. .....###.. ##
.....# .# ##...##


You could see an ogre.

Vanquished Creatures
  A worker ant (D:2)
  7 gnolls
  4 adders
  An ooze (D:3)
  A worm (D:3)
  A dart slug (D:4)
  2 leopard geckos
  7 orcs
  2 giant cockroaches
  5 goblins
  7 hobgoblins
  5 kobolds
  4 quokkas
  9 bats
  3 frilled lizards
  8 rats
67 creatures vanquished.

Notes
Turn   | Place    | Note
-------+----------+-------------------------------------------
     0 | D:1      | Peloso the Minotaur Fighter began the quest for the Orb.
     0 | D:1      | Reached XP level 1. HP: 19/19 MP: 0/0
   312 | D:1      | Reached XP level 2. HP: 27/27 MP: 1/1
   847 | D:2      | Found a hide-covered altar of Uskayaw.
  1055 | D:2      | Reached XP level 3. HP: 31/33 MP: 2/2
  1767 | D:3      | Reached XP level 4. HP: 40/40 MP: 3/3
  2394 | D:3      | Reached skill level 5 in Armour
  2408 | D:3      | Reached XP level 5. HP: 41/46 MP: 4/4
  2741 | D:3      | Reached skill level 5 in Shields
  3077 | D:4      | Noticed an ogre
  3085 | D:4      | HP: 1/46 [ogre/+0 giant club (15)]
  3086 | D:4      | Slain by an ogre

Levels and vault maps discovered:
D:1:      minmay_arrival_five_plusses, layout_basic
D:2:      layout_loops_corners, eat_drink_and_be_merry_uskayaw,
          minmay_hexomino_f4
D:3:      layout_basic
D:4:      layout_cave_pools, nicolae_tso_swordbearing_angel,
          kennysheep_mini_moat, kennysheep_mini, minmay_temple_entry_offerings

Skill      XL: |  1  2  3  4  5 |
---------------+----------------+-----
Armour         | 4 5 |  5.2
Shields        | 4 5 |  5.1
Long Blades    | 3 4 |  4.0
Fighting       | 4 |  4.1
Dodging        | |  0.4
Stealth        | |  0.2

Action                   |  1- 3 |  4- 6 || total
-------------------------+-------+-------++-------
Melee: Long sword        |    74 |    96 ||   170
       Headbutt          |     7 |    13 ||    20
  Use: Scroll            |       |     4 ||     4
  Eat: Chunk             |     3 |     4 ||     7
Armor: Scale mail        |    36 |       ||    36
       Chain mail        |    13 |    46 ||    59
Dodge: Dodged            |    30 |    28 ||    58
Block: Shield            |    45 |    60 ||   105
       Rpst.: Long sword |    12 |     7 ||    19

Table legend:
 A = Non-vault XP
 B = Vault XP
 C = Vault XP percentage of total XP
 D = Non-vault monster count
 E = Vault monster count
 F = Vault count percentage of total count
                 A         B        C        D         E       F
            +---------+---------+-------+---------+---------+-------
      Total |     276 |      18 |   6.1 |      63 |       4 |   6.0
            +---------+---------+-------+---------+---------+-------
        D:1 |      17 |       0 |   0.0 |      11 |       0 |   0.0
        D:2 |      93 |      18 |  16.2 |      21 |       4 |  16.0
        D:3 |     162 |       0 |   0.0 |      30 |       0 |   0.0
        D:4 |       4 |       0 |   0.0 |       1 |       0 |   0.0
            +---------+---------+-------+---------+---------+-------
